 Dungeon Crawl Stone Soup version 0.31-a0-656-gb4d89c20fa (webtiles) character file.

Game seed: 17665487073172579357

113878 cforsyth the Prestidigitator (level 16, -2/96 (113) HPs)
             Began as a Gnoll Artificer on Aug 31, 2023.
             Was the Champion of Hepliaklqana.
             Slain by a pharaoh ant (20 damage)
             ... on level 3 of the Lair of Beasts.
             The game lasted 00:56:47 (42186 turns).

cforsyth the Prestidigitator (Gnoll Artificer)     Turns: 42186, Time: 00:56:47

HP:   -2/96 (113)   AC: 16    Str: 12    XL:     16   Next: 64%
MP:   31/31         EV: 15    Int: 26    God:    Hepliaklqana [******]
Gold: 2255          SH: 13    Dex: 14    Spells: 14/37 levels left

rFire   . . .        R - +5 broad axe "Gaoqymoycu" {flame, rPois Will- rCorr SInv}
rCold   + . .        m - +1 kite shield {AC+3}
rNeg    . . .        r - +3 leather armour {Will+}
rPois   +            a - +0 helmet
rElec   +            F - +1 cloak
rCorr   +            B - +0 pair of gloves
SInv    +            (no boots)
Will    +....        (no amulet)
Stlth   +++++        V - ring "Ihoemeimp" {rElec rC+ Int+3 SInv}
HPRegen 0.36/turn    D - +6 ring of intelligence
MPRegen 0.22/turn

%: no passive effects
@: mighty, heavily drained
A: reduced essence, fangs 1, strong nose, distributed training
a: Renounce Religion, Recall Ancestor, Ancestor Identity, Transference, Idealise


You were on level 3 of the Lair of Beasts.
You worshipped Hepliaklqana.
Hepliaklqana was exalted by your worship.
You visited 5 branches of the dungeon, and saw 24 of its levels.
You also visited: Bailey and Volcano.

You collected 2496 gold pieces.
You spent 241 gold pieces at shops.

Inventory:

Hand Weapons
 l - a +1 demon blade of flaming
 G - a +3 morningstar of flaming
 L - the +7 Throatcutter {drain, coup de grace}
   (You found it on level 10 of the Dungeon)
 R - the +5 broad axe "Gaoqymoycu" (weapon) {flame, rPois Will- rCorr SInv}
   (You found it on level 11 of the Dungeon)

   rPois:     It protects you from poison Will-: It decreases your willpower.
   SInv:      It lets you see invisible.
   rCorr:     It protects you from acid and corrosion.
Armour
 a - a +0 helmet (worn)
 m - a +1 kite shield of protection (worn)
 r - a +3 leather armour of willpower (worn)
 s - the +0 hat "Noulirhi" {rElec rN+}
   (You found it in a volcano)

   rElec:     It insulates you from electricity.
   rN+:       It protects you from negative energy.
 y - a +1 ring mail of fire resistance
 B - a +0 pair of gloves (worn)
 F - a +1 cloak (worn)
Jewellery
 c - a +6 ring of intelligence
 p - a +4 ring of protection
 v - a ring of resist corrosion
 D - a +6 ring of intelligence (right hand)
 P - a ring of protection from fire
 V - the ring "Ihoemeimp" (left hand) {rElec rC+ Int+3 SInv}
   (You found it on level 1 of the Lair of Beasts)

   [ring of see invisible]

   Int+3:     It affects your intelligence (+3).
   rC+:       It protects you from cold.
   rElec:     It insulates you from electricity.
   SInv:      It lets you see invisible.
Wands
 b - a wand of acid (5)
 d - a wand of charming (13)
 e - a wand of iceblast (2)
 t - a wand of polymorph (7)
 A - a wand of flame (35)
 H - a wand of mindburst (30)
 N - a wand of digging (7)
 Z - a wand of roots (2)
Scrolls
 i - 3 scrolls of fog
 o - a scroll of enchant weapon
 q - 3 scrolls of noise
 x - a scroll of fear
 z - a scroll of poison
 E - 2 scrolls of vulnerability
 I - 3 scrolls of teleportation
 K - 5 scrolls of amnesia
 M - 4 scrolls of enchant armour
 O - 5 scrolls of immolation
 Q - 2 scrolls of revelation
 X - a scroll of blinking
Potions
 f - 5 potions of might
 g - 2 potions of berserk rage
 h - 8 potions of cancellation
 j - 3 potions of magic
 k - 6 potions of enlightenment
 n - 6 potions of invisibility
 u - 8 potions of curing
 w - 4 potions of mutation
 C - 2 potions of brilliance
 J - 5 potions of heal wounds
 S - a potion of attraction {unknown}
 T - 4 potions of lignification
 Y - a potion of resistance {unknown}
Miscellaneous
 W - a sack of spiders


   Skills:
 + Level 11.5 Fighting
 + Level 11.2 Short Blades
 + Level 11.2 Long Blades
 + Level 11.2 Axes
 + Level 11.2 Maces & Flails
 + Level 11.2 Polearms
 + Level 11.2 Staves
 + Level 11.2 Ranged Weapons
 + Level 11.2 Throwing
 + Level 12.1 Armour
 + Level 11.5 Dodging
 + Level 11.5 Stealth
 + Level 11.2 Shields
 + Level 11.2 Unarmed Combat
 + Level 11.2 Spellcasting
 + Level 9.5 Conjurations
 + Level 9.5 Hexes
 + Level 9.5 Summonings
 + Level 9.5 Necromancy
 + Level 9.5 Translocations
 + Level 9.5 Transmutations
 + Level 9.5 Fire Magic
 + Level 9.5 Ice Magic
 + Level 9.5 Air Magic
 + Level 9.5 Earth Magic
 + Level 9.5 Poison Magic
 + Level 12.2 Invocations
 + Level 12.9 Evocations
 + Level 10.3 Shapeshifting


You had 14 spell levels left.
You knew the following spells:

 Your Spells              Type           Power      Damage    Failure   Level
a - Stone Arrow           Conj/Erth      100%       3d13      1%          3
b - Iskenderun's Mystic   Conj/Tloc      59%        2d12      2%          4
c - Irradiate             Conj/Tmut      29%        3d21      7%          5
d - Dispersal             Tloc           29%        N/A       36%         6
e - Yara's Violent Unrav  Hex/Tmut       29%        3d12      7%          5

Your spell library contained the following spells:

 Spells                   Type           Power      Damage    Failure   Level
 Freeze                   Ice            100%       1d10      1%          1
 Sting                    Tmut/Pois      100%       1d8       1%          1
 Blink                    Tloc           100%       N/A       1%          2
 Ensorcelled Hibernation  Hex/Ice        100%       N/A       1%          2
 Passwall                 Tmut/Erth      49%        N/A       1%          2
 Poisonous Vapours        Pois/Air       100%       N/A       1%          2
 Wereblood                Tmut           59%        N/A       1%          2
 Frozen Ramparts          Ice            100%       1d16      1%          3
 Hailstorm                Conj/Ice       59%        3d13      1%          3
 Inner Flame              Hex/Fire       59%        N/A       1%          3
 Mephitic Cloud           Conj/Pois/Air  59%        N/A       1%          3
 Swiftness                Air            59%        N/A       1%          3
 Volatile Blastmotes      Fire/Tloc      100%       2d18      1%          3
 Anguish                  Hex/Necr       29%        N/A       2%          4
 Animate Armour           Summ/Erth      100%       N/A       2%          4
 Fulminant Prism          Conj/Hex       29%        3d14      2%          4
 Manifold Assault         Tloc           59%        N/A       2%          4
 Olgreb's Toxic Radiance  Pois           59%        N/A       2%          4
 Vhi's Electric Charge    Tloc/Air       100%       N/A       2%          4
 Agony                    Necr           59%        N/A       7%          5
 Arcjolt                  Conj/Air       29%        1d39      7%          5
 Freezing Cloud           Conj/Ice/Air   29%        6-21      7%          5
 Death Channel            Necr           29%        N/A       36%         6
 Enfeeble                 Hex            29%        N/A       90%         7
 Disjunction              Tloc           29%        N/A       100%        8
 Lehudib's Crystal Spear  Conj/Erth      29%        10d8      100%        8
 Maxwell's Capacitive Co  Air            29%        ∞         100%        8
 Death's Door             Necr           29%        N/A       100%        9


Dungeon Overview and Level Annotations

Branches:
Dungeon (15/15)            Temple (1/1) D:5            Lair (5/5) D:9
  Swamp (0/4) Lair:2       Spider (1/4) Lair:3        Slime (0/5) Lair:4
    Orc (2/2) D:10            Elf (0/3) Orc:2        Vaults (0/5) D:13
 Depths (0/4) D:15         Bailey (visited)         Volcano (visited)

Altars:
Ashenzari
Cheibriados
Dithmenos
Elyvilon
Fedhas
Gozag
Hepliaklqana
Kikubaaqudgha
Makhleb
Nemelex Xobeh
Okawaru
Qazlal
Ru
Sif Muna
Trog
Uskayaw
Vehumet
Wu Jian
Xom
Yredelemnul
Zin
The Shining One

Shops:
D:1 (   D:3 ?!:   D:11 [   D:13 :   Orc:1 ?([(:*   Orc:2 (*:[=

Annotations:
D:6 3 runed translucent doors, deremet's ghost, weakling GnDe
Spider:1 Louise; Mlioglotl


Innate Abilities, Weirdness & Mutations

Your life essence is reduced to manifest your ancestor. (-10% HP)
You have very sharp teeth.
Your uncanny sense of smell can sniff out nearby items.
Your experience applies equally to all skills.


Message History

The jumping spider leaps!
A redback comes into view.
The tarantella barely misses Xochitl.
The jumping spider leaps!
The pharaoh ant bites you.
You feel drained. The pharaoh ant misses you.
The jumping spider closely misses you. You block the jumping spider's attack.
The redback bites you!
There is a crawl-hole back to the Lair, spattered with blood here.
The culicivora bites Xochitl!
The jumping spider leaps!
The tarantella misses Xochitl.
The redback barely misses you. The jumping spider closely misses you.
The jumping spider bites you. The pharaoh ant bites you!!
You feel drained. The pharaoh ant closely misses you.
The culicivora barely misses Xochitl.
The jumping spider barely misses you. You block the jumping spider's attack.
The redback bites you! The pharaoh ant bites you!
You feel drained. You block the pharaoh ant's attack.
You climb upwards.
Welcome back to the Lair of Beasts!
You feel yourself speed up.
There is a hole to the Spider Nest, spattered with blood here.
You hit the pharaoh ant. You burn the pharaoh ant.
The pharaoh ant is moderately damaged.
You slash the jumping spider! You burn the jumping spider.
You slash the redback! You burn the redback. You slash the pharaoh ant!
You burn the pharaoh ant.
Xochitl is no longer moving slowly.
The jumping spider pounces on you but does no damage.
You block the jumping spider's attack. The redback misses you.
The pharaoh ant bites you but does no damage.
The pharaoh ant bites you!
* * * LOW HITPOINT WARNING * * *
You feel drained.
* * * LOW HITPOINT WARNING * * *
The redback bites you but does no damage.
The jumping spider leaps!
Xochitl casts a spell at the pharaoh ant.
The bolt of magma misses the pharaoh ant.
You hit the pharaoh ant. You burn the pharaoh ant. You bite the pharaoh ant.
The pharaoh ant is severely damaged.
You barely miss the redback. You closely miss the pharaoh ant.
The pharaoh ant bites you!!
You die...

##.....##.....#..#...............
#...⌠..##s....#......###...#....#
.......#..⌠..####....####........
.#...........#..#....##.#........
....⌠........#...................
...........#.....#...............
.⌠..>..⌠...#......#........#♣#♣.♣
............##..°B#........♣ ♣♣♣
#...⌠...##.#....@B.........♣♣♣♣.♣
##.....#...P...Rs...........♣♣.♣.
##.+##........P...........♣.♣♣.♣
#.....#.##....#.....>##..P♣.♣.♣♣
#.....#####......######...♣♣.♣♣♣
##⌠.<.⌠## ##.####..##.....♣.♣.♣♣
#.......# #####........##♣♣R♣♣♣
###.⌠..## #......##### ♣♣♣ #.####
##....##


You could see the friendly Xochitl the battlemage, 2 pharaoh ants, a jumping
spider and a redback.

Vanquished Creatures
  Rupert (Lair:3)
  An orc warlord (Orc:2)
  An ettin (D:15)
  An entropy weaver (Spider:1)
  5 vault guards (D:13)
  2 centaur warriors
  A radroach (Lair:3)
  6 hydras
  A catoblepas (Lair:5)
  6 death yaks
  5 two-headed ogres
  2 tengu warriors
  2 skysharks
  A deep troll (D:15)
  A pharaoh ant (Spider:1)
  8 skeletal warriors
  A wizard (D:15)
  4 orc knights
  3 orc sorcerers
  An oklob plant (Lair:3)
  2 deep elf pyromancers (D:14)
  3 wolf spiders (Spider:1)
  18 ugly things
  A salamander (Volcano)
  A moth of wrath (Spider:1)
  2 elephants (Lair:1)
  5 manticores
  5 cyclopes
  A black mamba (Lair:2)
  2 gargoyles
  An orange demon (D:11)
  8 cane toads
  An unseen horror (D:11)
  2 rime drakes
  4 komodo dragons
  A freezing wraith (D:14)
  A yaktaur (D:13)
  2 tengu conjurers (D:14)
  3 polar bears
  A tarantella (Lair:3)
  4 trolls
  Prince Ribbit (D:5)
  6 blink frogs
  2 dream sheep (Lair:5)
  A jumping spider (Lair:3)
  Sigmund (D:6)
  7 slime creatures
  4 culicivoras (Spider:1)
  4 wraiths
  4 wyverns
  2 fire bats (Volcano)
  A shadow (D:9)
  Eustachio (D:4)
  52 yaks
  A vampire (Bailey)
  2 basilisks (D:9)
  8 redbacks
  A vampire mosquito (D:13)
  3 steam dragons
  2 acid dragons
  Edmund (D:5)
  5 water moccasins
  A hell hound (Volcano)
  An ice beast (shapeshifter) (D:15)
  2 sky beasts
  4 black bears
  14 orc warriors
  2 ice beasts
  6 ogres
  9 centaurs
  11 wolves
  A phantom (D:5)
  11 bullfrogs
  2 scorpions
  14 wights
  9 killer bees
  2 electric eels
  2 howler monkeys (D:11)
  4 vampire bats (Bailey)
  2 wolf zombies (Bailey)
  A hound (D:5)
  A gnoll bouda (D:5)
  2 jellies
  12 orc priests
  Jessica (D:2)
  An iguana (D:5)
  21 orc wizards
  10 gnolls
  4 adders
  2 shadow imps
  A white imp (D:7)
  2 ufetubi
  4 worms
  5 dart slugs
  40 orcs
  6 bats
  6 endoplasms
  4 giant cockroaches
  9 hobgoblins
  2 quokkas
  5 ball pythons
  3 frilled lizards
  11 goblins
  9 kobolds
  11 orc zombies (Bailey)
  4 rats
  A spectral orc (D:14)
505 creatures vanquished.

Vanquished Creatures (collateral kills)
  A fire dragon (D:13)
  The ghost of ytrimaz the Grappler, a journeyman DrSh of Okawaru (D:11)
  3 vault guards
  A hydra (Lair:3)
  2 catoblepae (Lair:5)
  2 boulder beetles
  2 centaur warriors (D:15)
  A two-headed ogre (D:13)
  A death yak (Lair:5)
  An orc high priest (Orc:2)
  A demonic crawler (Lair:3)
  Amaemon (D:11)
  A skyshark (Lair:5)
  4 skeletal warriors
  A wizard (D:15)
  A necromancer (D:15)
  A wolf spider (Spider:1)
  3 orc knights
  10 ugly things
  A manticore (Lair:5)
  2 oklob plants
  A cyclops (D:13)
  2 elephants (Lair:1)
  A torpor snail (Lair:2)
  4 cane toads
  A freezing wraith (D:14)
  4 komodo dragons
  3 meliai (Spider:1)
  A polar bear (Lair:4)
  2 trolls
  5 blink frogs
  2 dream sheep (Lair:5)
  A shadow (D:11)
  3 slime creatures
  A culicivora (Spider:1)
  30 yaks
  A spriggan (Lair:4)
  4 wraiths
  2 basilisks
  Grum (D:11)
  A steam dragon (D:8)
  2 vampire mosquitoes (D:13)
  4 redbacks
  2 wargs (Orc:2)
  6 water moccasins
  13 orc warriors
  A black bear (Lair:3)
  5 wolves
  2 centaurs
  An ogre (D:6)
  5 bullfrogs
  3 wights (D:7)
  7 killer bees
  3 vampire bats (Bailey)
  4 wolf zombies (Bailey)
  9 orc priests
  11 orc wizards
  4 orc zombies (Bailey)
  29 orcs
  A butterfly (Lair:5)
223 creatures vanquished.

Vanquished Creatures (others)
  An ancestor (D:9)
  26 battlemagi
27 creatures vanquished.

Grand Total: 755 creatures vanquished

Notes
Turn   | Place    | Note
-------+----------+-------------------------------------------
     0 | D:1      | cforsyth the Gnoll Artificer began the quest for the Orb.
     0 | D:1      | Reached XP level 1. HP: 17/17 MP: 1/1
   191 | D:1      | Reached XP level 2. HP: 23/23 MP: 2/2
   638 | D:1      | Reached XP level 3. HP: 21/28 MP: 3/3
   912 | D:1      | Found Buthrus's Antique Weapon Shoppe.
  1421 | D:2      | Reached skill level 1 in Invocations
  1457 | D:2      | Noticed Jessica
  1469 | D:2      | Killed Jessica
  1470 | D:2      | Reached skill level 1 in Short Blades
  1470 | D:2      | Reached skill level 1 in Long Blades
  1470 | D:2      | Reached skill level 1 in Axes
  1470 | D:2      | Reached skill level 1 in Maces & Flails
  1470 | D:2      | Reached skill level 1 in Polearms
  1470 | D:2      | Reached skill level 1 in Staves
  1470 | D:2      | Reached skill level 1 in Ranged Weapons
  1470 | D:2      | Reached skill level 1 in Throwing
  1470 | D:2      | Reached skill level 1 in Shields
  1470 | D:2      | Reached skill level 1 in Unarmed Combat
  1470 | D:2      | Reached skill level 1 in Spellcasting
  1470 | D:2      | Reached skill level 1 in Shapeshifting
  1470 | D:2      | Reached XP level 4. HP: 34/34 MP: 5/5
  1714 | D:2      | Reached skill level 1 in Conjurations
  1714 | D:2      | Reached skill level 1 in Hexes
  1714 | D:2      | Reached skill level 1 in Summonings
  1714 | D:2      | Reached skill level 1 in Necromancy
  1714 | D:2      | Reached skill level 1 in Translocations
  1714 | D:2      | Reached skill level 1 in Transmutations
  1714 | D:2      | Reached skill level 1 in Fire Magic
  1714 | D:2      | Reached skill level 1 in Ice Magic
  1714 | D:2      | Reached skill level 1 in Air Magic
  1714 | D:2      | Reached skill level 1 in Earth Magic
  1714 | D:2      | Reached skill level 1 in Poison Magic
  2030 | D:1      | Reached XP level 5. HP: 14/40 MP: 5/7
  2930 | D:3      | Found Bafuebec's Magic Scroll Emporium.
  3323 | D:3      | Found Hiune's Book Shoppe.
  3329 | D:3      | Found Sougom's Distillery.
  3640 | D:4      | Noticed a sky beast
  3659 | D:4      | Killed a sky beast
  3660 | D:4      | Reached skill level 5 in Armour
  3660 | D:4      | Reached XP level 6. HP: 23/47 MP: 7/9
  3866 | D:4      | Noticed Eustachio
  3874 | D:4      | Killed Eustachio
  3875 | D:4      | Reached XP level 7. HP: 52/52 MP: 10/10
  4630 | D:4      | Found a radiant altar of Vehumet.
  4795 | D:5      | Entered Level 5 of the Dungeon
  4795 | D:5      | Noticed Edmund
  4799 | D:5      | Killed Edmund
  5276 | D:5      | Reached XP level 8. HP: 45/60 MP: 12/12
  5457 | D:5      | Noticed Prince Ribbit
  5468 | D:5      | Killed Prince Ribbit
  5646 | D:4      | Learned a level 3 spell: Stone Arrow
  5788 | D:5      | Found a staircase to the Ecumenical Temple.
  5999 | Temple   | Entered the Ecumenical Temple
  6016 | Temple   | Became a worshipper of Hepliaklqana the Forgotten
  7003 | D:5      | Reached XP level 9. HP: 46/65 MP: 2/14
  7201 | D:6      | Found a runed translucent gate.
  7201 | D:6      | Found a runed translucent gate.
  7201 | D:6      | Found a runed translucent gate.
  7201 | D:6      | Found an opulent altar of Gozag.
  7204 | D:6      | Noticed deremet's ghost (weakling GnDe)
  7280 | D:6      | Noticed Sigmund
  7285 | D:6      | Killed Sigmund
  7527 | D:6      | Reached skill level 5 in Fighting
  7527 | D:6      | Reached skill level 5 in Dodging
  7637 | D:6      | Reached skill level 5 in Stealth
  7877 | D:6      | Reached * piety under Hepliaklqana
  8117 | D:6      | Reached skill level 5 in Invocations
  9382 | D:7      | Reached XP level 10. HP: 67/67 MP: 10/17
  9529 | D:7      | You fall into a shaft and drop 3 floors!
  9529 | D:10     | Entered Level 10 of the Dungeon
  9567 | D:9      | Reached skill level 5 in Short Blades
  9567 | D:9      | Reached skill level 5 in Long Blades
  9567 | D:9      | Reached skill level 5 in Axes
  9567 | D:9      | Reached skill level 5 in Maces & Flails
  9567 | D:9      | Reached skill level 5 in Polearms
  9567 | D:9      | Reached skill level 5 in Staves
  9567 | D:9      | Reached skill level 5 in Ranged Weapons
  9567 | D:9      | Reached skill level 5 in Throwing
  9567 | D:9      | Reached skill level 5 in Shields
  9567 | D:9      | Reached skill level 5 in Unarmed Combat
  9567 | D:9      | Reached skill level 5 in Spellcasting
  9587 | D:9      | Reached ** piety under Hepliaklqana
  9589 | D:9      | Noticed a two-headed ogre
  9598 | D:9      | Killed a two-headed ogre
  9639 | D:9      | Remembered your ancestor Xochitl as a battlemage
  9653 | D:9      | Found a flagged portal.
  9693 | D:9      | HP: 1/68 [yak (13)]
  9725 | D:9      | Reached skill level 5 in Shapeshifting
  9911 | Bailey   | Entered a bailey
 10422 | Bailey   | Noticed a gargoyle
 10429 | Bailey   | Killed a gargoyle
 10621 | Bailey   | Identified the +1 leather armour of Rationality {rF- rCorr
                  | Str+4 Int+6}
 11242 | D:7      | Reached XP level 11. HP: 74/74 MP: 6/19
 11719 | D:8      | Noticed a two-headed ogre
 11724 | D:8      | Killed a two-headed ogre
 11725 | D:8      | Reached skill level 5 in Conjurations
 11725 | D:8      | Reached skill level 5 in Hexes
 11725 | D:8      | Reached skill level 5 in Summonings
 11725 | D:8      | Reached skill level 5 in Necromancy
 11725 | D:8      | Reached skill level 5 in Translocations
 11725 | D:8      | Reached skill level 5 in Transmutations
 11725 | D:8      | Reached skill level 5 in Fire Magic
 11725 | D:8      | Reached skill level 5 in Ice Magic
 11725 | D:8      | Reached skill level 5 in Air Magic
 11725 | D:8      | Reached skill level 5 in Earth Magic
 11725 | D:8      | Reached skill level 5 in Poison Magic
 11894 | D:8      | Reached *** piety under Hepliaklqana
 13765 | D:9      | Found a staircase to the Lair.
 15114 | D:10     | Reached **** piety under Hepliaklqana
 15118 | D:10     | Found the +7 Throatcutter {drain, coup de grace}
 15253 | D:10     | Reached XP level 12. HP: 81/81 MP: 22/22
 15316 | D:10     | Found a staircase to the Orcish Mines.
 15526 | D:10     | Identified the +1 sling of Uguxurch {freeze, rF+ Will-
                  | Dex+5 Stlth+}
 15685 | D:11     | Noticed Amaemon
 15807 | D:11     | Killed Amaemon
 16127 | D:11     | Found a runed translucent gate.
 16197 | D:11     | Found a runed translucent gate.
 16197 | D:11     | Found a runed translucent gate.
 16197 | D:11     | Noticed ytrimaz's ghost (journeyman DrSh)
 16197 | D:11     | Noticed a 12-headed hydra
 16198 | D:11     | Noticed a nine-headed hydra
 16295 | D:11     | Got the Parchment of the Cumulonimbus
 16651 | D:11     | Noticed Grum
 16659 | D:11     | Killed Grum
 16921 | D:11     | Found Tocuun's Armour Emporium.
 16969 | D:11     | Reached skill level 10 in Evocations
 17529 | D:11     | Killed ytrimaz's ghost
 17793 | D:11     | Killed a 12-headed hydra
 17864 | D:11     | Killed a nine-headed hydra
 17956 | D:11     | Identified the +5 broad axe "Gaoqymoycu" {flame, rPois
                  | Will- rCorr SInv}
 18798 | D:12     | Reached XP level 13. HP: 89/89 MP: 11/25
 20285 | Lair:1   | Entered Level 1 of the Lair of Beasts
 20844 | Lair:1   | Reached ***** piety under Hepliaklqana
 20953 | Lair:1   | Identified the ring "Ihoemeimp" {rElec rC+ Int+3 SInv}
 21763 | Lair:2   | Learned a level 4 spell: Iskenderun's Mystic Blast
 21769 | Lair:2   | Learned a level 5 spell: Irradiate
 21776 | Lair:2   | Learned a level 6 spell: Dispersal
 21782 | Lair:2   | Learned a level 5 spell: Yara's Violent Unravelling
 21794 | Lair:2   | Found a staircase to the Swamp.
 22101 | Lair:2   | Found the +1 robe of Vines {NoPotionHeal Regen++++}
 23056 | Lair:2   | Reached skill level 10 in Armour
 23221 | Lair:3   | Noticed Rupert
 23608 | Lair:3   | Killed Rupert
 23609 | Lair:3   | Reached XP level 14. HP: 91/97 MP: 13/27
 23748 | Lair:3   | Found a hole to the Spider Nest.
 23900 | Lair:3   | Found a blossoming altar of Fedhas.
 24157 | Lair:3   | Got Sif Muna's Tome of Exhumation
 24336 | Lair:3   | Reached skill level 10 in Invocations
 24422 | Lair:4   | Found a staircase to the Slime Pits.
 25000 | Lair:4   | Found a shimmering altar of Xom.
 25472 | Lair:4   | You fall into a shaft and drop 1 floor!
 25472 | Lair:5   | Entered Level 5 of the Lair of Beasts
 27006 | Lair:5   | Reached skill level 10 in Fighting
 27006 | Lair:5   | Reached skill level 10 in Dodging
 27307 | Lair:4   | Reached skill level 10 in Stealth
 28669 | Orc:1    | Entered Level 1 of the Orcish Mines
 28669 | Orc:1    | Found Pesit's Magic Scroll Boutique.
 28707 | Orc:1    | Found Aseercho's Armour Boutique.
 28715 | Orc:1    | Found Kyhurut's Antique Weapon Shoppe.
 28752 | Orc:1    | Bought a scroll of identify for 22 gold pieces
 28752 | Orc:1    | Bought a scroll of identify for 22 gold pieces
 28752 | Orc:1    | Bought a scroll of teleportation for 33 gold pieces
 28752 | Orc:1    | Bought a scroll of blinking for 82 gold pieces
 28752 | Orc:1    | Bought a scroll of revelation for 82 gold pieces
 28787 | Orc:1    | Reached XP level 15. HP: 90/103 MP: 28/28
 28883 | Orc:2    | Entered Level 2 of the Orcish Mines
 28906 | Orc:2    | Found Woiff's Jewellery Shoppe.
 28921 | Orc:2    | Found a dark tunnel.
 28931 | Volcano  | Entered a volcano
 29139 | Volcano  | Reached skill level 10 in Short Blades
 29139 | Volcano  | Reached skill level 10 in Long Blades
 29139 | Volcano  | Reached skill level 10 in Axes
 29139 | Volcano  | Reached skill level 10 in Maces & Flails
 29139 | Volcano  | Reached skill level 10 in Polearms
 29139 | Volcano  | Reached skill level 10 in Staves
 29139 | Volcano  | Reached skill level 10 in Ranged Weapons
 29139 | Volcano  | Reached skill level 10 in Throwing
 29139 | Volcano  | Reached skill level 10 in Shields
 29139 | Volcano  | Reached skill level 10 in Unarmed Combat
 29139 | Volcano  | Reached skill level 10 in Spellcasting
 29236 | Volcano  | Identified the +0 hat "Noulirhi" {rElec rN+}
 29366 | Orc:2    | Reached ****** piety under Hepliaklqana
 29426 | Orc:2    | Noticed an orc warlord
 29440 | Orc:2    | Killed an orc warlord
 30716 | Orc:2    | Found a staircase to the Elven Halls.
 30783 | Orc:2    | Found Gooduc's Antique Weapon Emporium.
 30790 | Orc:2    | Found Ysomakh's Book Emporium.
 30872 | Orc:2    | Found Fuppaimi's Antique Armour Emporium.
 30909 | Orc:2    | Found Oduwnose's General Store.
 31645 | Orc:1    | Found Wiubbum's Overcharged Wands.
 31735 | Orc:1    | Found Ugoolos's Book Shoppe.
 31886 | Orc:1    | Found Umebeh's Antique Weapon Emporium.
 32098 | D:13     | Found a gate to the Vaults.
 32909 | D:13     | Found Juph's Book Shoppe.
 36026 | D:14     | Reached XP level 16. HP: 90/112 MP: 17/30
 36450 | D:14     | Found a basalt altar of Yredelemnul.
 37233 | D:15     | Entered Level 15 of the Dungeon
 37242 | D:15     | Reached skill level 10 in Shapeshifting
 38732 | D:15     | Found a staircase to the Depths.
 39843 | Spider:1 | Entered Level 1 of the Spider Nest
 41683 | Spider:1 | Noticed Mlioglotl
 41685 | Spider:1 | Noticed Louise
 42186 | Lair:3   | Slain by a pharaoh ant

Illustrated notes

Levels and vault maps discovered:
D:1:      elethiomel_arrival_quiet, layout_basic, serial_shops,
          nicolae_shop_getting_attention, minmay_misc_feat_secret_circle,
          chequers_big_river
D:2:      layout_loops_ring, guppyfry_early_orc_mine, uniq_jessica
D:3:      layout_loops_ring, serial_shops, shop_fountains,
          nicolae_lakefront_shop, shop
D:4:      layout_layer_cave, lemuel_crystal_altar, uniq_eustachio
D:5:      layout_loops_ring, temple_hall, hangedman_abyss_or_decor_lesser_grid,
          uniq_prince_ribbit1, uniq_edmund
D:6:      layout_basic, ebering_ghost_gozag, uniq_sigmund
D:7:      layout_cave_pools, nicolae_kite_square_tiling_tiny
D:8:      layout_basic
D:9:      layout_basic, erik_lair_dragon, enter_bailey_6, kennysheep_path_1,
          grunt_decor_one_mirror
D:10:     layout_long_grid, erik_orc_2
D:11:     layout_gridville, serial_shops, kennysheep_mini,
          gammafunk_ghost_hydra_chop, kennysheep_generic_room_6, uniq_grum,
          uniq_amaemon
D:12:     layout_stronghold
D:13:     layout_cave_pods, erik_vaults_2, serial_shops, shop, nicolae_titane
D:14:     kennysheep_room_grid, layout_loops_ring, minivault_23,
          nrook_pool_corridor, yredelemnul_forgotten_temple_becter
D:15:     hangedman_depths_entry_civil_slaughter, layout_long_grid,
          minmay_misc_feat_roman
Temple:   compressed_dpeg_circular_temple
Lair:1:   layout_small_grid, infiniplex_staircase_pool
Lair:2:   layout_cave_pods, swamp_mist_pool, hellmonk_guarded_unrand_vines
Lair:3:   layout_misc_corridors, dummy_spider_entry,
          nicolae_quartered_pool_medium, hangedman_tree_tricks,
          grunt_megastairs_3, uniq_rupert
Lair:4:   layout_cave_pods, slime_entry_1, basic_altar,
          grunt_forest_large_clearings
Lair:5:   evilmike_catoblepas_cave, layout_gridlike, grunt_megastairs_4,
          lemuel_fruit_fields
Spider:1: layout_spider_delve, uniq_mlioglotl, uniq_louise
Orc:1:    layout_caves, serial_shops, nicolae_shop_tiny_waterfront,
          nicolae_shop_dealshenge, shop,
          nicolae_shop_temple_entry_statues_fountains, shop,
          nicolae_shop_overcharged_wands
Orc:2:    grunt_orc_cross, layout_caves, nicolae_volcano_entry_hallway,
          minmay_shop_enchanted_jewellery, statue_in_the_mist_lemuel

Skill      XL: |  1  2  3  4  5  6  7  8  9 10 11 12 13 14 15 16 |
---------------+-------------------------------------------------+-----
Invocations    | 1 2 3 4 5 6 7 8 9 10 11 12 | 12.2
Short Blades   | 1 2 3 4 5 6 8 9 10 11 | 11.2
Long Blades    | 1 2 3 4 5 6 8 9 10 11 | 11.2
Axes           | 1 2 3 4 5 6 8 9 10 11 | 11.2
Maces & Flails | 1 2 3 4 5 6 8 9 10 11 | 11.2
Polearms       | 1 2 3 4 5 6 8 9 10 11 | 11.2
Staves         | 1 2 3 4 5 6 8 9 10 11 | 11.2
Ranged Weapons | 1 2 3 4 5 6 8 9 10 11 | 11.2
Throwing       | 1 2 3 4 5 6 8 9 10 11 | 11.2
Shields        | 1 2 3 4 5 6 8 9 10 11 | 11.2
Unarmed Combat | 1 2 3 4 5 6 8 9 10 11 | 11.2
Spellcasting   | 1 2 3 4 5 6 8 9 10 11 | 11.2
Shapeshifting  | 1 2 3 4 5 6 7 8 9 10 | 10.3
Conjurations   | 1 2 3 4 5 6 7 8 9 |  9.5
Hexes          | 1 2 3 4 5 6 7 8 9 |  9.5
Summonings     | 1 2 3 4 5 6 7 8 9 |  9.5
Necromancy     | 1 2 3 4 5 6 7 8 9 |  9.5
Translocations | 1 2 3 4 5 6 7 8 9 |  9.5
Transmutations | 1 2 3 4 5 6 7 8 9 |  9.5
Fire Magic     | 1 2 3 4 5 6 7 8 9 |  9.5
Ice Magic      | 1 2 3 4 5 6 7 8 9 |  9.5
Air Magic      | 1 2 3 4 5 6 7 8 9 |  9.5
Earth Magic    | 1 2 3 4 5 6 7 8 9 |  9.5
Poison Magic   | 1 2 3 4 5 6 7 8 9 |  9.5
Fighting       | 3 4 5 6 7 8 9 10 11 | 11.5
Dodging        | 3 4 5 6 7 8 9 10 11 | 11.5
Armour         | 5 6 7 8 9 10 11 12 | 12.1
Stealth        | 3 4 5 6 7 8 9 10 11 | 11.5
Evocations     | 7 8 9 10 11 12 | 12.9

Action                     |  1- 3 |  4- 6 |  7- 9 | 10-12 | 13-15 | 16-18 || total
---------------------------+-------+-------+-------+-------+-------+-------++-------
  Melee: Club              |   145 |   178 |       |       |       |       ||   323
         Bite              |    18 |    19 |    25 |    14 |    64 |    20 ||   160
         Punch             |     2 |     4 |     6 |     2 |       |       ||    14
         Dagger            |       |    55 |       |       |       |       ||    55
         Rapier            |       |       |   131 |       |       |       ||   131
         Morningstar       |       |       |    28 |   111 |    10 |       ||   149
         Long sword        |       |       |       |    29 |   474 |    73 ||   576
         Broad axe         |       |       |       |       |       |    15 ||    15
   Cast: Stone Arrow       |       |       |    79 |   240 |   329 |   117 ||   765
 Invoke: Recall Ancestor   |       |       |       |     5 |    11 |     2 ||    18
         Ancestor Life: Ba |       |       |       |     1 |       |       ||     1
  Evoke: Wand              |     1 |    13 |     9 |     9 |     5 |     2 ||    39
    Use: Scroll            |       |       |       |    12 |    11 |     7 ||    30
         Potion            |       |       |       |     2 |     1 |     3 ||     6
   Stab: Sleeping          |     1 |     2 |     1 |       |     6 |     2 ||    12
         Distracted        |       |       |       |       |    14 |     2 ||    16
 Armour: Leather armour    |     6 |    28 |    60 |    94 |   204 |    70 ||   462
         Chain mail        |    86 |    96 |       |       |       |       ||   182
  Dodge: Dodged            |    54 |   122 |   120 |   125 |   374 |   111 ||   906
  Block: Kite shield       |       |       |       |   113 |   447 |   110 ||   670

Table legend: (Time is in decaauts)
 A = Elapsed time spent in this place.
 B = Non-inter-level travel time spent in this place.
 C = Inter-level travel time spent in this place.
 D = Time resting spent in this place.
 E = Time spent auto-exploring this place.
 F = Levels seen in this place.
 G = Mean time per level.
                   A        B        C        D        E       F      G
               +--------+--------+--------+--------+--------+-----+--------+
         Total |  42451 |  40685 |   1766 |  10326 |  24622 |  26 | 1632.7 |
       Dungeon |  27364 |  26070 |   1294 |   5727 |  16802 |  15 | 1824.3 |
        Temple |     32 |     17 |     15 |      0 |      0 |   1 |   32.0 |
          Lair |  10304 |   9915 |    389 |   3025 |   5569 |   5 | 2060.8 |
   Spider Nest |    393 |    393 |      0 |     39 |    206 |   1 |  393.0 |
  Orcish Mines |   3015 |   2949 |     66 |   1223 |   1340 |   2 | 1507.5 |
        Bailey |    991 |    991 |      0 |    206 |    606 |   1 |  991.0 |
       Volcano |    349 |    349 |      0 |    106 |     99 |   1 |  349.0 |
               +--------+--------+--------+--------+--------+-----+--------+

Top non-repeatable levels by time:
  Lair:3: 3068 daAuts
    D:12: 2654 daAuts
    D:13: 2433 daAuts
    D:11: 2385 daAuts
    D:14: 2294 daAuts
     D:6: 2266 daAuts
    D:10: 2226 daAuts
     D:9: 2213 daAuts
  Lair:5: 2080 daAuts
  Lair:2: 2042 daAuts
    D:15: 1865 daAuts
   Orc:1: 1715 daAuts
  Lair:4: 1691 daAuts
     D:5: 1671 daAuts
     D:1: 1660 daAuts
